 Dungeon Crawl Stone Soup version 0.14-a0-1330-g3eed206 (webtiles) character file.

417 PolkaDot the Ducker (level 6, -1/44 HPs)
             Began as a Vampire Death Knight on Dec 6, 2013.
             Was a Believer of Yredelemnul.
             Slain by Edmund
             ... wielding a +4,+2 flail of crushing
              (10 damage)
             ... on Level 3 of the Dungeon.
             The game lasted 00:09:44 (3057 turns).

PolkaDot the Ducker (Vampire Death Knight)          Turns: 3057, Time: 00:09:45

HP  -1/44        AC  5     Str 12      XL: 6   Next: 16%
MP   9/9         EV 14     Int 13      God: Yredelemnul [**....]
Gold 109         SH  0     Dex 15      Spells:  0 memorised,  5 levels left

rFire  . . .     SeeInvis +     r - +0,+1 short sword (speed)
rCold  + + .     Clarity  .     b - +0 leather armour
rNeg   + + +     Conserve +     (no shield)
rPois  +         rCorr    .     c - +2 wizard hat (curse)
rElec  .         rRot     +     (no cloak)
SustAb . .       Spirit   .     (no gloves)
rMut   .         Warding  .     (no boots)
Saprov . . .     Stasis   .     a - amulet of conservation {unknown}
                                (no ring)
                                e - ring of invisibility

@: regenerating slowly, mildly poisoned, very slightly contaminated, hasted,
very quick, slightly resistant to hostile enchantments, unstealthy
A: bottle blood, fangs 3, see invisible, unbreathing
a: Bat Form, Bottle Blood, Animate Remains, Recall Undead Slaves, Injury Mirror,
Renounce Religion, Evoke Invisibility


You were on level 3 of the Dungeon.
You worshipped Yredelemnul.
Yredelemnul was pleased with you.
You were near bloodless.

You visited 1 branch of the dungeon, and saw 4 of its levels.

You collected 109 gold pieces.

Inventory:

Hand weapons
 r - a +0,+1 short sword of speed (weapon)
Armour
 b - a +0 leather armour (worn)
 c - a cursed +2 wizard hat (worn)
Scrolls
 h - a scroll of blinking
 j - 3 scrolls of teleportation
 n - a scroll of enchant armour
Jewellery
 a - an amulet of conservation (around neck) {unknown}
 e - a ring of invisibility (left hand)
 t - an uncursed ring of teleportation
Potions
 d - a potion of speed
 i - a potion of magic {unknown}
 m - 2 potions of heal wounds {unknown}
 p - a potion of restore abilities {unknown}


   Skills:
 - Level 1.7 Fighting
 - Level 2.1 Short Blades
 - Level 0.7 Armour
 * Level 5.7 Dodging
 - Level 2.4 Invocations
 + Level 3.2 Evocations


You had 5 spell levels left.
You didn't know any spells.

Dungeon Overview and Level Annotations

Branches:
Dungeon (4/16)
 Temple: D:4-7

Altars:
Ashenzari
the Shining One

Annotations:
D:3 Edmund


Innate Abilities, Weirdness & Mutations

You heal slowly.
You can bottle blood from corpses.
You have razor-sharp teeth.*
You have supernaturally acute eyesight.
You can survive without breathing.*


Message History

Your kobold zombie hits Edmund but does no damage.
Edmund misses you.
You hit the worker ant but do no damage.
The worker ant is lightly wounded.
You closely miss the worker ant.
The worker ant is lightly wounded.
The worker ant bites you!
* * * LOW HITPOINT WARNING * * *
Your worm zombie bites Edmund.
You hit the worker ant.
The worker ant is moderately wounded.
Your hobgoblin zombie hits Edmund but does no damage.
You closely miss the worker ant.
The worker ant is moderately wounded.
The worker ant bites you.
* * * LOW HITPOINT WARNING * * *
You are poisoned.
The worker ant poisons you! Edmund hits you with a runed flail!
You die...
Yredelemnul claims you as an undead slave.

#.# #.....#######.##.#...#.
#.###.....# #.#......#.
#.........# #<#....z...
###.#############.#.##.####
##.#...##.............#
#.......#.......##.####
#.......#.......##.#
#.......#.......##.#
#####...##@zz....##.#
#..).....az@.....##.#
#.#.##..#.z......##.#####
#.#.##.....##.#####.....#
#.#...........# #####.#
#######.#..##....########## #.#
.............%..#####.....# #.#
.#####.##............z....###.#
.#####.###......#####.........#


You could see Edmund, a worker ant, 2 friendly worm zombies, a friendly
hobgoblin zombie and a friendly kobold zombie.

Vanquished Creatures
  Grinder (D:3)
  5 adders
  4 worms
  2 giant geckos (D:2)
  4 oozes
  A ball python (D:1)
  3 bats (D:3)
  3 giant cockroaches
  3 goblins (D:1)
  6 hobgoblins
  2 quokkas (D:2)
  4 giant newts
  5 kobolds
  3 rats
46 creatures vanquished.

Vanquished Creatures (collateral kills)
  An orc (D:3)
  A kobold (D:2)
2 creatures vanquished.

Vanquished Creatures (others)
  A worm zombie (D:3)
  A bat zombie (D:3)
  A giant cockroach zombie (D:2)
  2 giant newt zombies (D:3)
  A kobold zombie (D:3)
6 creatures vanquished.

Grand Total: 54 creatures vanquished

Notes
Turn   | Place    | Note
--------------------------------------------------------------
     0 | D:1      | PolkaDot, the Vampire Death Knight, began the quest for the Orb.
     0 | D:1      | Reached XP level 1. HP: 16/16 MP: 1/1
   247 | D:1      | Reached XP level 2. HP: 22/22 MP: 2/2
   844 | D:2      | Reached skill level 1 in Evocations
   927 | D:2      | Reached XP level 3. HP: 18/27 MP: 4/4
  1281 | D:2      | Reached skill level 3 in Dodging
  1385 | D:2      | Found a glowing golden altar of the Shining One.
  1866 | D:3      | Reached XP level 4. HP: 23/33 MP: 1/5
  1971 | D:3      | Acquired Yredelemnul's second power
  2051 | D:3      | Found a shattered altar of Ashenzari.
  2370 | D:3      | Reached skill level 4 in Dodging
  2880 | D:4      | Noticed Grinder
  2903 | D:3      | Killed Grinder
  2903 | D:3      | Reached skill level 5 in Dodging
  2903 | D:3      | Reached XP level 5. HP: 20/38 MP: 5/7
  2903 | D:3      | Reached XP level 6. HP: 23/44 MP: 6/9
  3038 | D:4      | Noticed Edmund
  3057 | D:3      | Slain by Edmund

Action                   |  1- 3 |  4- 6 || total
-------------------------+-------+-------++-------
Melee: Short sword       |   139 |   118 ||   257
Invok: Animate Remains   |    11 |     8 ||    19
  Use: Potion            |     1 |     3 ||     4
       Scroll            |       |    11 ||    11
